Map: Pillars of Gold LE

Players

RagnaroK (SHIN)

  • Race: Zerg Zerg
  • Spawn Location: 7:00

PartinG - Winner!

  • Race: Protoss Protoss
  • Spawn Location: 1:00

Event: IEM Katowice 2021

VOD

Have the link to the VOD?

Description

Time

  • Played on: Feb. 25, 2021, 11:04 a.m.
  • Length: 8:47

All games in this series

Show
View Real Time Build Order
Export as new Build Order

RagnaroK Zerg 

Build Orders: Hatch First 

Get SALT Encoding   

  12  0:00  Drone  
  13  0:09  Drone  
  14  0:17  Overlord  
  14  0:23  Extractor, Drone  
  16  0:35  Drone  
  16  0:50  Hatchery  
  16  0:52  Drone  
  16  0:57  Drone  
  16  1:01  Drone  
  18  1:15  Spawning Pool  
  18  1:17  Drone  
  18  1:22  Extractor  
  18  1:23  Drone  
  18  1:27  Drone  
  19  1:37  Drone  
  21  1:47  Hatchery  
  20  2:01  Zergling x4  
  20  2:08  Hatchery  
  21  2:12  Overlord  
  21  2:20  Zergling x2  
  22  2:29  Metabolic Boost  
  22  2:32  Queen  
  24  2:39  Spine Crawler  
  24  2:43  Zergling x2  
  24  2:47  Drone  
  25  2:54  Spine Crawler  
  25  2:58  Drone  
  25  3:02  Drone  
  26  3:10  Spine Crawler  
  26  3:12  Zergling x2  
  26  3:18  Zergling x2  
  26  3:24  Drone x2  
  27  3:33  Zergling x2  
  28  3:35  Lair  
  28  3:40  Drone  
  28  3:41  Drone  
  29  3:43  Drone  
  29  3:48  Zergling x4  
  32  3:51  Drone  
  32  3:54  Drone  
  33  4:02  Zergling x6  
  36  4:05  Drone  
  37  4:16  Spine Crawler  
  36  4:17  Drone  
  36  4:18  Drone x2  
  36  4:19  Drone  
  36  4:21  Drone  
  40  4:31  Drone  
  40  4:34  Nydus Network  
  40  4:35  Zergling x2  
  40  4:36  Zergling x2  
  41  4:38  Overlord  
  41  4:46  Overlord  
  40  4:53  Drone  
  40  4:54  Overlord  
  40  4:56  Queen  
  40  4:58  Zergling x2  
  44  5:04  Drone x2  
  46  5:10  Nydus Canal  
  46  5:11  Zergling x2  
  46  5:19  Drone x4  
  46  5:20  Drone, Queen  
  53  5:21  Zergling x2  
  51  5:33  Nydus Canal  
  51  5:35  Zergling x6  
  54  5:37  Zergling x2  
  54  5:40  Drone x2  
  55  5:44  Drone  
  55  5:47  Roach Warren  
  55  5:49  Zergling x2  
  55  5:51  Zergling x8  
  55  5:56  Drone  
  59  6:00  Zergling x2  
  58  6:04  Queen  
  58  6:07  Drone  
  59  6:11  Extractor  
  59  6:12  Extractor, Overlord x2  
  59  6:13  Overlord  
  59  6:14  Overlord  
  51  6:28  Zergling x2  
  52  6:36  Roach x4  
  52  6:37  Spawning Pool  
  52  6:38  Drone  
  52  6:39  Drone x3  
  63  6:41  Extractor  
  60  6:57  Hatchery  
  60  6:59  Overlord  
  60  7:00  Drone  
  60  7:05  Roach x3  
  66  7:11  Roach  
  63  7:21  Overlord  
  60  7:24  Zergling x6  
  63  7:32  Overlord  
  63  7:37  Overlord  
  63  7:45  Overlord  
Show
View Real Time Build Order
Export as new Build Order

PartinG Protoss - Winner!

Build Orders:  

Get SALT Encoding   

  12  0:00  Probe  
  13  0:12  Probe  
  14  0:17  Pylon  
  14  0:24  Probe  
  15  0:39  Forge  
  16  0:53  Pylon  
  16  0:55  Probe  
  16  1:07  Probe  
  17  1:12  Photon Cannon  
  17  1:14  Gateway  
  17  1:18  Assimilator  
  17  1:23  Probe  
  18  1:28  Assimilator  
  18  1:35  Probe  
  19  1:47  Probe  
  19  1:50  Photon Cannon  
  20  1:59  Zealot (Chrono Boost)  
  20  2:02  Cybernetics Core  
  22  2:12  Probe  
  22  2:13  Pylon  
  23  2:16  Assimilator  
  23  2:27  Probe  
  24  2:36  Stalker (Chrono Boost), Warp Gate (Chrono Boost)  
  24  2:42  Shield Battery  
  26  2:49  Photon Cannon  
  26  2:58  Stalker  
  28  3:12  Gateway  
  28  3:25  Shield Battery  
  26  3:29  Pylon  
  26  3:32  Photon Cannon  
  26  3:47  Twilight Council  
  26  3:54  Shield Battery  
  26  4:07  Gateway  
  26  4:14  Shield Battery  
  26  4:19  Stalker x2  
  26  4:24  Blink (Chrono Boost)  
  30  4:39  Photon Cannon  
  30  4:50  Stalker  
  30  4:56  Stalker  
  32  5:04  Shield Battery  
  32  5:19  Stalker  
  32  5:20  Stalker  
  36  5:28  Stalker  
  36  5:34  Pylon  
  38  5:48  Stalker  
  38  5:53  Stalker  
  40  6:02  Stalker  
  40  6:21  Stalker x2  
  44  6:27  Stalker  
  46  6:48  Stalker x2  
  46  6:50  Pylon  
  50  6:55  Stalker  
  52  7:13  Stalker x2  
  56  7:26  Stalker  
  58  7:39  Stalker x2  

Tags
 
Add a new tag
Caveats
  • Supply blocks, unpowered buildings, or Contaminate may cause inaccurate times.
  • Supply counts are checked every 10 seconds.